 Dungeon Crawl Stone Soup version 0.18.1-6-gd335043 (webtiles) character file.

858 mopl the Covert (level 7, -9/47 HPs)
             Began as a Vampire Transmuter on May 16, 2016.
             Mangled by an ogre
             ... wielding a cursed -3 giant club
              (19 damage)
             ... on level 5 of the Dungeon.
             The game lasted 00:10:11 (7610 turns).

mopl the Covert (Vampire Transmuter)                Turns: 7610, Time: 00:10:12

Health: -9/47      AC:  0    Str:  9    XL:     7   Next: 71%
Magic:  9/10       EV: 15    Int: 15    God:
Gold:   266        SH:  0    Dex: 22    Spells: 2 memorised, 7 levels left

rFire  . . .     SeeInvis +       - Unarmed
rCold  + + .     Gourm    .     (armour currently unavailable)
rNeg   + + +     Faith    .     (shield currently unavailable)
rPois  +         Spirit   .     (helmet currently unavailable)
rElec  .         Dismiss  .     (cloak currently unavailable)
rCorr  .         Reflect  .     (gloves currently unavailable)
SustAt .         Harm     .     (boots currently unavailable)
MR     .....                    (no amulet)
Stlth  ++++++....               (ring currently unavailable)
                                (ring currently unavailable)

@: bat-form, flying, regenerating slowly, very quick, not resistant to hostile
enchantments, very stealthy
A: fangs 3, see invisible, (unbreathing)
a: End Transformation


You were on level 5 of the Dungeon.
You were near bloodless.
You were in vampire-bat-form.
You visited 1 branch of the dungeon, and saw 5 of its levels.

You collected 266 gold pieces.

Inventory:

Hand Weapons
 a - a +1 long sword
 b - a +0 dagger of protection (melded)
Missiles
 m - 49 arrows
 t - 7 needles of confusion
 w - 3 tomahawks (quivered)
Armour
 f - a +1 helmet (melded)
 p - a +1 leather armour of poison resistance
 q - a +0 robe (melded)
Jewellery
 v - a +5 ring of intelligence (melded)
Wands
 i - a wand of iceblast (0/15)
 n - a wand of random effects (16/48)
 x - a wand of iceblast (5/15)
Scrolls
 e - 2 scrolls of immolation
 g - a scroll of remove curse
 j - 3 scrolls of enchant armour
 o - a scroll of identify
 u - a scroll of enchant weapon
Potions
 d - 4 potions of blood
 h - 2 potions of flight
 k - a potion of might
 r - a potion of resistance
 s - a potion of curing
Books
 c - a book of Changes

   Spells                             Type                      Level
   a - Beastly Appendage              Transmutation                1
   b - Sticks to Snakes               Transmutation                2
   c - Spider Form                    Transmutation/Poison         3
   d - Ice Form                       Ice/Transmutation            4
   e - Blade Hands                    Transmutation                5
 l - Sif Muna's Disquisition on the Mountains
   (You found it on level 3 of the Dungeon)

   Spells                             Type                      Level
   a - Sandblast                      Earth                        1


   Skills:
 - Level 0.8 Fighting
 + Level 5.4 Long Blades
 - Level 2.1 Dodging
 + Level 10.2 Stealth
 - Level 3.2 Unarmed Combat
 - Level 2.0 Spellcasting
 - Level 2.1 Transmutations


You had 7 spell levels left.
You knew the following spells:

 Your Spells              Type           Power        Failure   Level  Hunger
a - Beastly Appendage     Trmt           #.....       12%         1    #......
w - Sticks to Snakes      Trmt           #.......     14%         2    ###....


Dungeon Overview and Level Annotations

Branches:
Dungeon (5/15)
 Temple: D:4-7

Altars:
Fedhas
Makhleb
Qazlal
Sif Muna
Trog
Xom
The Shining One


Innate Abilities, Weirdness & Mutations

You heal slowly.
You have razor-sharp teeth.
You have supernaturally acute eyesight.
((You can survive without breathing.))


Message History

Press: ? - help, Shift-Dir - straight line, f - ogre
Aim: an ogre, wielding a giant club (moderately wounded)
The ogre seems to speed up.
Evoking this partially-identified wand wasted a few charges.
The ogre misses you.
Unknown command.
There is a stone staircase leading up here.
You turn into a vampire bat.
Your +0 dagger of protection melds into your body.
Your +1 helmet melds into your body.
Your +0 robe melds into your body.
Your +5 ring of intelligence melds into your body.
You feel less protected.
You feel stupid. The ogre hits you with a giant club!
* * * LOW HITPOINT WARNING * * *
Found a stone staircase leading up.
Found a stone staircase leading down.
There is a stone staircase leading up here.
The ogre hits you with a giant club!!
You die...

####### . #.....#
..#### ####..Ob.# #
...# ##........# #
##.####...#.....#
###<.......##.....#
.........#####......#
#.#.^..### #.#....#
>.#....# .......#
.##....... #.>.....#
###.....## #.##....#


You could see an ogre.

Vanquished Creatures
  A sky beast (D:4)
  The ghost of Aelig the Sneak, an amateur OpWz (D:3)
  A scorpion (D:4)
  2 howler monkeys
  3 hounds (D:4)
  2 orc priests (D:3)
  A giant frog skeleton (D:4)
  4 orc wizards (D:3)
  3 worker ants (D:4)
  A howler monkey skeleton (D:4)
  8 adders
  2 oozes (D:2)
  An adder skeleton (D:4)
  A worm (D:2)
  3 giant geckos (D:3)
  16 orcs
  5 giant cockroaches
  10 goblins
  16 hobgoblins
  6 jackals
  A quokka (D:2)
  2 ball pythons (D:3)
  7 bats
  3 giant newts
  8 kobolds
  A quokka skeleton (D:4)
  15 rats
124 creatures vanquished.

Notes
Turn   | Place    | Note
--------------------------------------------------------------
     0 | D:1      | mopl the Vampire Transmuter began the quest for the Orb.
     0 | D:1      | Reached XP level 1. HP: 14/14 MP: 3/3
   416 | D:1      | Reached skill level 1 in Stealth
   425 | D:1      | Reached skill level 2 in Stealth
   687 | D:1      | Reached XP level 2. HP: 20/20 MP: 5/5
   692 | D:1      | Learned a level 2 spell: Sticks to Snakes
   718 | D:1      | Reached skill level 3 in Stealth
  1139 | D:2      | Reached skill level 4 in Stealth
  1190 | D:2      | Reached XP level 3. HP: 22/25 MP: 6/6
  1523 | D:2      | Reached skill level 5 in Stealth
  2154 | D:2      | Reached skill level 1 in Long Blades
  2242 | D:2      | Found a bloodstained altar of Trog.
  2316 | D:2      | Reached XP level 4. HP: 15/31 MP: 7/7
  2471 | D:3      | Noticed Aelig's ghost (amateur OpWz)
  2474 | D:3      | Reached skill level 6 in Stealth
  3417 | D:3      | Killed Aelig's ghost
  3417 | D:3      | Reached skill level 2 in Long Blades
  3417 | D:3      | Reached XP level 5. HP: 10/36 MP: 8/8
  3852 | D:2      | Reached skill level 7 in Stealth
  4205 | D:3      | Reached skill level 3 in Long Blades
  4378 | D:3      | Reached XP level 6. HP: 20/42 MP: 9/9
  4698 | D:3      | Reached skill level 8 in Stealth
  4759 | D:3      | Found a deep blue altar of Sif Muna.
  5051 | D:3      | Reached skill level 4 in Long Blades
  5054 | D:3      | Identified Sif Muna's Disquisition on the Mountains (You found it on level 3 of the Dungeon)
  5742 | D:3      | Found a blossoming altar of Fedhas.
  5882 | D:3      | Found a glowing golden altar of the Shining One.
  6022 | D:4      | Found a stormy altar of Qazlal.
  6049 | D:4      | Found a burning altar of Makhleb.
  6122 | D:4      | Reached skill level 9 in Stealth
  6122 | D:4      | Reached XP level 7. HP: 23/47 MP: 10/10
  6663 | D:4      | Reached skill level 5 in Long Blades
  6742 | D:4      | Found a shimmering altar of Xom.
  7218 | D:4      | Reached skill level 10 in Stealth
  7548 | D:5      | Entered Level 5 of the Dungeon
  7610 | D:5      | Mangled by an ogre

Skill      XL: |  1  2  3  4  5  6  7 |
---------------+----------------------+-----
Stealth        | 2 4 5 6 7 9 10 | 10.2
Long Blades    | 1 2 3 4 5 |  5.4
Fighting       | |  0.8
Dodging        | |  2.1
Unarmed Combat | |  3.2
Spellcasting   | |  2.0
Transmutations | |  2.1

Action                   |  1- 3 |  4- 6 |  7- 9 || total
-------------------------+-------+-------+-------++-------
Melee: Unarmed           |    87 |     2 |       ||    89
       Bite              |     7 |    23 |     9 ||    39
       Punch             |     2 |     1 |     2 ||     5
       Long sword        |    64 |   216 |    89 ||   369
       Dagger            |       |       |     6 ||     6
 Abil: Bat Form          |       |     3 |     1 ||     4
       End Transformatio |       |     3 |       ||     3
Evoke: Wand              |       |     2 |     1 ||     3
  Use: Scroll            |     9 |     1 |     1 ||    11
       Potion            |     1 |     5 |     1 ||     7
 Stab: Sleeping          |     1 |    11 |     2 ||    14
       Distracted        |       |     1 |     1 ||     2
  Eat: Corpse            |       |       |     1 ||     1
Armor: Robe              |    27 |    72 |    23 ||   122
Dodge: Dodged            |    96 |   183 |    63 ||   342
